 Dungeon Crawl Stone Soup version 0.19.1 (webtiles) character file.

76 AAAAA the Slasher (level 4, 0/25 HPs)
             Began as a Vine Stalker Monk on Nov 29, 2016.
             Slain by an ogre
             ... wielding a +0 giant club
              (9 damage)
             ... on level 4 of the Dungeon.
             The game lasted 00:03:06 (2576 turns).

AAAAA the Slasher (Vine Stalker Monk)               Turns: 2576, Time: 00:03:06

Health: 0/25       AC:  6    Str: 14    XL:     4   Next: 32%
Magic:  0/5        EV: 12    Int: 10    God:
Gold:   183        SH:  0    Dex: 17    Spells: 0 memorised, 3 levels left

rFire  . . .     SeeInvis .     a - +0 falchion
rCold  . . .     Gourm    .     k - +0 ring mail
rNeg   . . .     Faith    .     (no shield)
rPois  .         Spirit   +     (no helmet)
rElec  .         Reflect  .     v - +0 cloak
rCorr  +         Harm     .     (no gloves)
MR     .....                    (no boots)
Stlth  ++........               (no amulet)
                                b - +1 ring of evasion
                                j - ring of resist corrosion

@: no status effects
A: fangs 2, regeneration 1, magic shield, antimagic bite, no device heal 3, rot
immunity
a: no special abilities


You were on level 4 of the Dungeon.
You were not hungry.

You visited 1 branch of the dungeon, and saw 4 of its levels.

You collected 183 gold pieces.

Inventory:

Hand Weapons
 a - a +0 falchion (weapon)
Missiles
 t - 18 poisoned needles
 y - 7 curare-tipped needles
Armour
 k - a +0 ring mail (worn)
 v - a +0 cloak (worn)
Jewellery
 b - a +1 ring of evasion (right hand)
 j - a ring of resist corrosion (left hand)
 m - an uncursed ring of poison resistance {unknown}
Scrolls
 g - 2 scrolls of recharging {unknown}
 i - a scroll of enchant armour {unknown}
 l - a scroll of magic mapping {unknown}
 n - 2 scrolls of identify {unknown}
 s - 2 scrolls of random uselessness {unknown}
 u - a scroll of teleportation {unknown}
 w - a scroll of remove curse {unknown}
Potions
 d - a potion of heal wounds {unknown}
 e - a potion of magic {unknown}
 h - 2 potions of agility {unknown}
 p - a potion of cancellation {unknown}
 r - 2 potions of curing {unknown}
 x - 2 potions of invisibility {unknown}
Comestibles
 c - a bread ration
 f - a slice of pizza
 o - 5 chunks of flesh
 q - a beef jerky


   Skills:
 + Level 3.6 Fighting
 + Level 3.8 Long Blades
 - Level 2.4 Dodging
 - Level 2.4 Stealth


You had 3 spell levels left.
You didn't know any spells.

Dungeon Overview and Level Annotations

Branches:
Dungeon (4/15)
 Temple: D:4-7

Altars:
Hepliaklqana
Okawaru
Uskayaw


Innate Abilities, Weirdness & Mutations

You have extremely sharp teeth.
Your natural rate of healing is unusually fast.
When hurt, damage is shared between your health and your magic reserves.
Your bite disrupts and absorbs the magic of your enemies.
Potions and wands cannot restore your health.
You are immune to rotting.


Message History

The ogre is lightly wounded.
The ogre hits you with a giant club!
You hit the ogre. You bite the ogre. You drain its power.
You feel invigorated.
The ogre is moderately wounded.
The ogre hits you with a giant club!
Ouch! That really hurt!
* * * LOW HITPOINT WARNING * * *
Found a meat ration. 2 orcs and an orc priest come into view.
The orc shouts!
Found 3 large rocks.
The orc shouts!
The orc priest mumbles some strange prayers to Beogh against you.
Beogh smites you!
* * * LOW HITPOINT WARNING * * *
The orc closely misses you.
You riposte.
You slash the orc!
You kill the orc!
There is a stone staircase leading up here.
The ogre hits you with a giant club!
You die...

####### #.o...#
#o# #)#######. #.#
#.@.......
#####o###O........
#...#...o..######.
#%#.......##
#...#...###
##.##.### #.##.#
#.##.# #.##.#


You could see an ogre and an orc priest.

Vanquished Creatures
  3 adders (D:3)
  4 worms
  A dart slug (D:1)
  A leopard gecko (D:1)
  An orc (D:4)
  2 giant cockroaches
  5 goblins
  3 hobgoblins
  3 ball pythons
  4 bats
  2 frilled lizards
  5 kobolds
  2 rats
36 creatures vanquished.

Notes
Turn   | Place    | Note
-------+----------+-------------------------------------------
     0 | D:1      | AAAAA the Vine Stalker Monk began the quest for the Orb.
     0 | D:1      | Reached XP level 1. HP: 11/11 MP: 2/2
   377 | D:1      | Reached XP level 2. HP: 7/16 MP: 3/3
  1139 | D:2      | Found a hide-covered altar of Uskayaw.
  1180 | D:2      | Reached XP level 3. HP: 20/20 MP: 4/4
  2097 | D:3      | Gained mutation: Your natural rate of healing is unusually fast. [Vine Stalker growth]
  2097 | D:3      | Reached XP level 4. HP: 16/24 MP: 5/5
  2265 | D:3      | Found an iron altar of Okawaru.
  2265 | D:3      | Found a hazy altar of Hepliaklqana.
  2483 | D:3      | Found a faded altar of an unknown god.
  2550 | D:4      | Noticed an ogre
  2576 | D:4      | Slain by an ogre

Skill      XL: |  1  2 |
---------------+-------+-----
Fighting       | 3 |  3.6
Long Blades    | 3 |  3.8
Dodging        | |  2.4
Stealth        | |  2.4

Action                   |  1- 3 |  4- 6 || total
-------------------------+-------+-------++-------
Melee: Falchion          |    70 |    16 ||    86
       Bite              |    20 |     5 ||    25
 Stab: Sleeping          |     3 |     1 ||     4
  Eat: Chunk             |     2 |       ||     2
       Meat ration       |     1 |       ||     1
Armor: Ring mail         |    10 |     4 ||    14
Dodge: Dodged            |    57 |    10 ||    67
       Rpst.: Falchion   |    18 |     3 ||    21
